 Dungeon Crawl Stone Soup version 0.24.0-123-gd5b16e6ec5 (webtiles) character file.

Game seed: 8431834337087899376, levelgen mode: deterministic

595 AuftragZ the Cutter (level 7, -11/64 HPs)
             Began as a Red Draconian Skald on Feb 1, 2020.
             Was an Initiate of Wu Jian.
             Mangled by an orc warrior
             ... wielding a +0 dire flail
              (15 damage)
             ... on level 5 of the Dungeon.
             The game lasted 00:18:34 (7265 turns).

AuftragZ the Cutter (Red Draconian Skald)           Turns: 7265, Time: 00:18:34

Health: -11/64     AC:  9    Str: 15    XL:     7   Next: 16%
Magic:  0/10       EV: 13    Int: 13    God:    Wu Jian [......]
Gold:   79         SH:  0    Dex: 11    Spells: 6/11 levels left

rFire    + . .     SeeInvis .   a - +1 short sword
rCold    . . .     Gourm    .   (no shield)
rNeg     . . .     Faith    .   (armour unavailable)
rPois    .         Spirit   +   (helmet restricted)
rElec    .         Reflect  .   (no cloak)
rCorr    .         Harm     .   k - +2 pair of gloves
MR       .....                  (no boots)
Stlth    ++........             b - amulet of guardian spirit
HPRegen  0.60/turn              (no ring)
MPRegen  0.12/turn              (no ring)

@: short of breath
A: breathe fire, unfitting armour, fire resistance 1, regeneration 1, robust 1,
screaming 1, cold-blooded, AC +6
a: Breathe Fire, Renounce Religion


You were on level 5 of the Dungeon.
You worshipped Wu Jian.
Wu Jian was noncommittal.
You were very hungry.

You visited 2 branches of the dungeon, and saw 7 of its levels.

You collected 228 gold pieces.
You spent 149 gold pieces at shops.

Inventory:

Hand Weapons
 a - a +1 short sword (weapon)
Missiles
 c - 6 poisoned darts (quivered)
Armour
 k - a +2 pair of gloves (worn)
Jewellery
 b - an amulet of guardian spirit (around neck)
Wands
 i - a wand of flame (7)
Scrolls
 e - 2 scrolls of remove curse
 f - a scroll of identify
 l - 2 scrolls of magic mapping
 m - a scroll of teleportation
 o - a scroll of enchant armour
 p - a scroll of amnesia {unknown}
Potions
 g - 3 potions of heal wounds
 h - 2 potions of haste
 j - a potion of curing
 n - a potion of ambrosia
Comestibles
 d - 7 rations


   Skills:
 + Level 4.0 Fighting
 + Level 4.7 Short Blades
 + Level 1.4 Throwing
 + Level 3.9 Dodging
 + Level 1.3 Stealth
 + Level 2.6 Spellcasting
 + Level 3.4 Charms
 + Level 0.2 Translocations


You had 6 spell levels left.
You knew the following spells:

 Your Spells              Type           Power        Failure   Level  Hunger
a - Infusion              Chrm           ##..         6%          1    #......
b - Song of Slaying       Chrm           ##......     9%          2    ###....
c - Shroud of Golubria    Chrm/Tloc      #.....       17%         2    ###....

Your spell library contained the following spells:

 Spells                   Type           Power        Failure   Level  Hunger
 Magic Dart               Conj           #...         24%         1    #......
 Regeneration             Chrm/Necr      #.........   34%         3    ###....
 Spectral Weapon          Hex/Chrm       #.......     34%         3    ###....
 Searing Ray              Conj           #.....       36%         2    ###....
 Dazzling Spray           Conj/Hex       #.....       58%         3    ###....
 Force Lance              Conj/Tloc      #.......     92%         4    #####..
 Fulminant Prism          Conj/Hex       #.........   94%         4    #####..
 Iskenderun's Mystic Bla  Conj           #.......     94%         4    #####..


Dungeon Overview and Level Annotations

Branches:
Dungeon (6/15)             Temple (1/1) D:5

Altars:
Ashenzari
Cheibriados
Dithmenos
Elyvilon
Fedhas
Gozag
Hepliaklqana
Kikubaaqudgha
Makhleb
Nemelex Xobeh
Okawaru
Qazlal
Ru
Sif Muna
Trog
Uskayaw
Vehumet
Wu Jian
Xom
Yredelemnul
Zin
The Shining One

Shops:
D:4 }*[(


Innate Abilities, Weirdness & Mutations

You can breathe blasts of fire.
Your fiery red scales are hard. (AC +6)
You cannot fit into any form of body armour.
Your flesh is heat resistant. (rF+)
You are cold-blooded and may be slowed by cold attacks.
Your natural rate of healing is unusually fast.
You are robust. (+10% HP)
You occasionally shout uncontrollably at your foes.


Message History

The orc warrior is severely wounded.
The orc warrior barely misses you.
You hit the orc warrior.
The orc warrior is almost dead.
The orc warrior barely misses you.
You hit the orc warrior but do no damage.
Your tail-slap misses the orc warrior.
The orc warrior is almost dead.
You hit the orc warrior but do no damage.
The orc warrior is almost dead.
The orc warrior hits you with a +0 dire flail!
* * * LOW HITPOINT WARNING * * *
You hit the orc warrior.
The orc warrior is almost dead.
You are feeling very hungry.
The orc warrior completely misses you.
You closely miss the orc warrior.
The orc warrior is almost dead.
The orc warrior hits you with a +0 dire flail!
You die...

# #..........# #.......# #
#.########.# #.#...#.# #
#.#### #.# #.......# #
#....# #.# #.......# ####
#####.### #.# #.#...#.# ...#
#.......# #.# #.......# ...#
#.......# #.# #.......#
...###.......###.# #.#...#.#
..........".°'.o@# #.......#
######.......##### #.......#
#...........#######.#...#.#
##...>.......'.....#.......#
##...........##.####.......#
.........######.###........#
.........# #...))########
.........# ####.##
.........# #.#


You could see an orc warrior.

Vanquished Creatures
  A centaur (D:3)
  A scorpion (D:5)
  3 orc priests (D:5)
  An orc wizard (D:3)
  2 bullfrog skeletons
  A hound (D:5)
  Jessica (D:3)
  A hound skeleton (D:4)
  4 gnolls (D:5)
  5 adders
  An ooze (D:3)
  6 worms
  5 dart slugs
  2 leopard geckos
  7 orcs
  3 ball pythons
  10 bats
  8 giant cockroaches
  12 goblins
  8 hobgoblins
  5 jackals
  2 quokkas
  9 frilled lizards
  9 kobolds
  6 rats
113 creatures vanquished.

Notes
Turn   | Place    | Note
-------+----------+-------------------------------------------
     0 | D:1      | AuftragZ the Draconian Skald began the quest for the Orb.
     0 | D:1      | Reached XP level 1. HP: 17/17 MP: 3/3
    35 | D:1      | Reached XP level 2. HP: 12/25 MP: 5/5
   803 | D:1      | Learned a level 2 spell: Song of Slaying
   806 | D:1      | Learned a level 2 spell: Shroud of Golubria
   864 | D:1      | Reached XP level 3. HP: 24/30 MP: 6/6
  2144 | D:2      | Found a blossoming altar of Fedhas.
  2570 | D:2      | Reached XP level 4. HP: 25/37 MP: 2/7
  3757 | D:3      | Noticed Jessica
  3770 | D:3      | Killed Jessica
  3793 | D:3      | Reached XP level 5. HP: 21/45 MP: 0/8
  4157 | D:3      | Noticed a centaur
  4176 | D:3      | Killed a centaur
  4176 | D:3      | Reached skill level 1 in Throwing
  4408 | D:3      | Gained mutation: Your natural rate of healing is unusually
                  | fast. [potion of mutation]
  4408 | D:3      | Gained mutation: You occasionally shout uncontrollably at
                  | your foes. [potion of mutation]
  4408 | D:3      | Gained mutation: You are robust. (+10% HP) [potion of
                  | mutation]
  4769 | D:3      | Reached XP level 6. HP: 49/56 MP: 7/9
  5035 | D:4      | Found Vul Oboth's Armour Shop.
  5043 | D:4      | Bought a +1 pair of gloves for 149 gold pieces
  5067 | D:4      | Reached skill level 1 in Stealth
  5215 | D:4      | Found a stormy altar of Qazlal.
  5317 | D:4      | Found Dynodano's Gadget Shoppe.
  5353 | D:4      | Found Podisheo's Weapon Emporium.
  5387 | D:4      | Found Joroi's Assorted Antiques.
  5746 | D:5      | Entered Level 5 of the Dungeon
  6216 | D:5      | Found a staircase to the Ecumenical Temple.
  6289 | Temple   | Entered the Ecumenical Temple
  6566 | Temple   | Became a worshipper of the Wu Jian Council
  6690 | D:5      | Your scales start taking on a fiery red colour.
  6690 | D:5      | Reached XP level 7. HP: 51/64 MP: 4/10
  6690 | D:5      | Gained mutation: Your flesh is heat resistant. (rF+) [Red
                  | Draconian growth]
  7263 | D:5      | HP: 3/64 [orc warrior/+0 dire flail (10)]
  7265 | D:5      | Mangled by an orc warrior

Levels and vault maps discovered:
D:1:      grunt_arrival_lava_bath, layout_loops_ring, chequers_decorated_corner,
          st_stairs_10, chequers_serial_rivers_micro_e
D:2:      layout_basic, overflow_temple_1_default
D:3:      layout_rooms, cheibrodos_sewer_entry_bend, moated_statue, uniq_jessica
D:4:      layout_loops_ring, serial_shops, shop, shop,
          nicolae_shop_behind_doors, nicolae_shop_stone, first_ration,
          grunt_qazlal_sundering
D:5:      layout_basic, temple_hall
D:6:      layout_cave_pools, lightli_ossuary_entry_decrepit_ruins,
          serial_bayou_pond_b
Temple:   nicolae_temple_the_god_donut

Skill      XL: |  1  2  3  4  5  6 |
---------------+-------------------+-----
Charms         | 3 |  3.4
Short Blades   | 3 4 |  4.7
Fighting       | 3 4 |  4.0
Dodging        | 3 |  3.9
Throwing       | 1 |  1.4
Stealth        | 1 |  1.3
Spellcasting   | |  2.6
Translocations | |  0.2

Action                   |  1- 3 |  4- 6 |  7- 9 || total
-------------------------+-------+-------+-------++-------
Melee: Short sword       |   198 |   356 |    56 ||   610
       Tailslap          |    15 |    39 |     5 ||    59
Throw: Dart              |     2 |    36 |       ||    38
 Cast: Shroud of Golubri |     1 |     5 |     1 ||     7
       Infusion          |     1 |     1 |     1 ||     3
       Song of Slaying   |       |     7 |     1 ||     8
 Abil: Breathe Fire      |       |       |     3 ||     3
  Use: Scroll            |     3 |     5 |     1 ||     9
       Potion            |     3 |     3 |     1 ||     7
 Stab: Sleeping          |       |     2 |       ||     2
  Eat: Chunk             |     1 |    10 |       ||    11
       Ration            |     1 |     1 |     1 ||     3
Armor: Skin              |   101 |   100 |    18 ||   219
Dodge: Dodged            |   234 |   223 |    37 ||   494
